 Dungeon Crawl Stone Soup version 0.31-a0-198-g2ad674f65e (webtiles) character file.

Game seed: 8974880659503209046

17 qw the Shooter (level 2, 0/16 HPs)
             Began as a Deep Elf Hunter on June 25, 2023.
             Succumbed to their own poison gas
             ... on level 1 of the Dungeon.
             The game lasted 00:00:11 (415 turns).

qw the Shooter (Deep Elf Hunter)                     Turns: 415, Time: 00:00:12

Health: 0/16       AC:  4    Str:  8    XL:     2   Next: 44%
Magic:  4/4        EV: 12    Int: 13    God:
Gold:   23         SH:  0    Dex: 18    Spells: 1/1 levels left

rFire   . . .        Y - +0 shortbow
rCold   . . .        (shield currently unavailable)
rNeg    . . .        c - +0 leather armour
rPois   .            (no helmet)
rElec   .            (no cloak)
rCorr   .            (no gloves)
SInv    .            g - +0 pair of boots
Will    .....        (no amulet)
Stlth   ++           (no ring)
HPRegen 0.22/turn    (no ring)
MPRegen 0.09/turn

%: no passive effects
@: lethally poisoned (0 -> -8)
A: no striking features
a: no special abilities


You were on level 1 of the Dungeon.
You visited 1 branch of the dungeon, and saw 1 of its levels.

You collected 23 gold pieces.


   Skills:
 - Level 1.5 Fighting
 + Level 6.2 Ranged Weapons
 - Level 2.4 Dodging
 - Level 1.2 Stealth


You had one spell level left.
You didn't know any spells.
Your spell library was empty.

Inventory:

Hand Weapons
 Y - a +0 shortbow (weapon)
Armour
 c - a +0 leather armour (worn)
 g - a +0 pair of boots (worn)
Potions
 d - a potion of mutation {unknown}
 e - a potion of heal wounds {unknown}

Dungeon Overview and Level Annotations

Branches:
Dungeon (1/15)

Altars:


Message History

404 ||| UPGRADING to +0 pair of boots.
You start putting on your armour.
You continue putting on your +0 pair of boots. x4
You finish putting on your +0 pair of boots.
Done exploring.
409 ||| READING scroll labelled WIVEN ZAEJYNOE.
As you read the scroll labelled WIVEN ZAEJYNOE, it crumbles to dust.
You hear a loud clanging noise!
It was a scroll of noise.
Done exploring.
410 ||| READING scroll labelled ORCHAI QOENUD.
The air fills with toxic fumes!
As you read the scroll labelled ORCHAI QOENUD, it crumbles to dust.
It was a scroll of poison.
Done exploring.
(D) Dungeon
Where to? (* - list waypoints, ? - help)
What level of the Dungeon? (default 1, ? - help) Sorry, I don't know how to get there.
Enter note:
Enter note:
Enter note:
Enter note:
Enter note:
Enter note:
Enter note:
Enter note:
Enter note: Really walk into that cloud of poison gas?
You are engulfed in poison gas.
You are lethally poisoned!
You feel very sick.
412 ||| Stepping ~*~*~tactically~*~*~ (cloud).
You feel very sick.
There is a lethal amount of poison in your body!
You feel very sick.
There is a lethal amount of poison in your body!
You feel sick.
There is a lethal amount of poison in your body!
You die...

#.##########.# #..(...#
..#..........####¤0¤¤¤¤#
...............¤¤¤¤¤¤¤¤#
###..........##¤¤¤¤¤¤¤¤#
################¤¤¤¤¤¤¤#
..¤¤~~...# 77#7#¤¤¤¤¤¤¤#
.........#77.'.#¤0¤¤¤¤.#
.¤¤~~....#7.7#.#¤¤¤#####
..¤......#7.7#.#@¤¤#
.).......'.77#.#¤¤¤#
.........#####'#¤¤¤#
...~~....#.....#¤#¤#
.........#..<..#¤#¤#
..~~~~...#.....#¤#¤##
################¤#.¤#
........# #.####.####
.......## ##.####....#


There were no monsters in sight!

Vanquished Creatures
  A ball python (D:1)
  3 endoplasms (D:1)
  A goblin (D:1)
  4 jackals (D:1)
  3 frilled lizards (D:1)
  4 rats (D:1)
16 creatures vanquished.

Notes
Turn   | Place    | Note
-------+----------+-------------------------------------------
     0 | D:1      | qw the Deep Elf Hunter began the quest for the Orb.
     0 | D:1      | Reached XP level 1. HP: 12/12 MP: 3/3
     0 | D:1      | 0 ||| qw: Version: 0.3-a-22-g0ed2b0b
     0 | D:1      | 0 ||| qw: Game counter: 5228
     0 | D:1      | 0 ||| qw: Melee chars always use a shield: true
     0 | D:1      | 0 ||| qw: God list: Okawaru
     0 | D:1      | 0 ||| qw: Allow faded altars: false
     0 | D:1      | 0 ||| qw: Do Orc after clearing Dungeon:15 true
     0 | D:1      | 0 ||| qw: Do second Lair branch before Depths: true
     0 | D:1      | 0 ||| qw: Lair rune preference: random
     0 | D:1      | 0 ||| qw: Goals: Normal
     0 | D:1      | 0 ||| PLANNING D:1-11
    40 | D:1      | 40 ||| DROPPING scroll of butterflies.
    62 | D:1      | HP: 3/12 [jackal (2)]
    63 | D:1      | HP: 1/12 [jackal (1)]
    65 | D:1      | Reached XP level 2. HP: 2/16 MP: 4/4
    66 | D:1      | Reached skill level 6 in Ranged Weapons
   404 | D:1      | 404 ||| UPGRADING to +0 pair of boots.
   409 | D:1      | 409 ||| READING scroll labelled WIVEN ZAEJYNOE.
   410 | D:1      | 410 ||| READING scroll labelled ORCHAI QOENUD.
   412 | D:1      | 412 ||| Stepping ~*~*~tactically~*~*~ (cloud).
   413 | D:1      | HP: 3/16 [poisoned by you (poison gas)]
   414 | D:1      | HP: 1/16 [poisoned by you (poison gas)]
   415 | D:1      | Succumbed to their own poison gas

Levels and vault maps discovered:
D:1:      scummos_arrival_gate, layout_rooms

Skill      XL: |  1  2 |
---------------+-------+-----
Ranged Weapons | 6 |  6.2
Fighting       | |  1.5
Dodging        | |  2.4
Stealth        | |  1.2

Action                     || total
---------------------------++-------
   Fire: Shortbow          ||    26
    Use: Scroll            ||     2
 Armour: Leather armour    ||     3
  Dodge: Dodged            ||    14

Table legend:
 A = Non-vault XP
 B = Vault XP
 C = Vault XP percentage of total XP
 D = Non-vault monster count
 E = Vault monster count
 F = Vault count percentage of total count
                 A         B        C        D         E       F
            +---------+---------+-------+---------+---------+-------
      Total |      25 |       0 |   0.0 |      16 |       0 |   0.0
            +---------+---------+-------+---------+---------+-------
        D:1 |      25 |       0 |   0.0 |      16 |       0 |   0.0
            +---------+---------+-------+---------+---------+-------
